 Dungeon Crawl Stone Soup version bcrawl-1.21.2-28-g2cb1824106 (webtiles) character file.

Game seed: 7152325295431110195

1070 BeastOfSaturn the Sneak (level 8, -3/45 HPs)
             Began as a Twilight Stalker Summoner on Mar 7, 2020.
             Was a Believer of Fedhas.
             Hit by a tomahawk thrown by an orc warrior (11 damage)
             ... on level 6 of the Dungeon.
             The game lasted 00:18:33 (4190 turns).

BeastOfSaturn the Sneak (Twilight Stalker Summoner) Turns: 4190, Time: 00:18:34

Health: -3/45      AC:  6    Str: 12    XL:     8   Next: 28%
Magic:  7/12       EV: 13    Int: 15    God:    Fedhas [**....]
Gold:   161        SH:  0    Dex: 16    Spells: 0/11 levels left

rFire    . . .     SeeInvis +   o - +3 dagger (venom)
rCold    . . .     Gourm    .   (no shield)
rNeg     . . .     Faith    .   l - +0 leather armour
rPois    .         Spirit   .   i - +0 helmet
rElec    .         Reflect  .   (no cloak)
rCorr    .         Harm     .   (no gloves)
MR       .....                  w - +1 pair of boots
Stlth    ++++......             r - amulet of regeneration
HPRegen  0.95/turn              t - ring of see invisible
MPRegen  0.13/turn              (no ring)

@: no status effects
A: fangs 3, nightstalker 1, regeneration 1, no potion heal 3, rot immunity,
draining bite, strong jaws, assimilated armour
a: Fungal Bloom, Sunlight, Evolution, Renounce Religion


You were on level 6 of the Dungeon.
You worshipped Fedhas.
Fedhas was pleased with you.
You were not hungry.

You visited 1 branch of the dungeon, and saw 6 of its levels.

You collected 348 gold pieces.
You spent 187 gold pieces at shops.

Inventory:

Hand Weapons
 d - a +1 vampiric dagger
 o - a +3 dagger of venom (weapon)
Armour
 a - a +0 robe
 f - a +0 pair of boots
 g - a +1 pair of boots
 i - a +0 helmet (worn)
 l - a +0 leather armour (worn)
 w - a +1 pair of boots (worn)
Jewellery
 r - an amulet of regeneration (around neck)
 t - a ring of see invisible (left hand)
Wands
 q - a wand of polymorph (4)
 s - a wand of iceblast (10)
 y - a wand of digging (13)
Scrolls
 c - a scroll of summoning
 k - a scroll of remove curse {unknown}
 n - 3 scrolls of fog
 x - a scroll of teleportation {unknown}
 z - a scroll of enchant weapon
Potions
 b - 3 potions of degeneration {unknown}
 h - 2 potions of curing {unknown}
 j - a potion of invisibility {unknown}
 m - a potion of agility
 p - a potion of magic {unknown}
 u - a potion of haste {unknown}
 v - a potion of lignification {unknown}
Comestibles
 e - 13 rations {!d}


   Skills:
 * Level 2.8 Fighting
 * Level 4.7 Short Blades
 - Level 1.0 Armour
 + Level 3.3 Dodging
 * Level 7.0 Stealth
 - Level 2.1 Spellcasting
 * Level 5.8 Summonings


You couldn't memorise any spells.
You knew the following spells:

 Your Spells              Type           Power        Failure   Level  Hunger
a - Summon Small Mammal   Summ           ###.         2%          1    #......
b - Call Canine Familiar  Summ           ###.....     8%          3    ###....
c - Summon Lightning Spi  Summ/Air       ##......     93%         5    ######.
d - Call Imp              Summ           ###...       3%          2    ###....

Your spell library contained the following spells:

 Spells                   Type           Power        Failure   Level  Hunger
 Summon Butterflies       Summ           ###.....     2%          1    #......
 Apportation              Tloc           #.....       28%         1    #......
 Infusion                 Chrm           #.......     28%         1    #......
 Sandblast                Erth           #.....       28%         1    #......
 Slow                     Hex            #.......     28%         1    #......
 Confuse                  Hex            #.......     63%         3    ###....
 Dazzling Spray           Conj/Hex       #.....       63%         3    ###....
 Summon Ice Beast         Ice/Summ       ##......     63%         4    #####..
 Petrify                  Tmut/Erth      #.......     95%         4    #####..
 Yara's Violent Unravell  Hex/Tmut       #.........   95%         4    #####..
 Metabolic Englaciation   Hex/Ice        #.........   100%        5    ######.
 Mana Rupture             Conj/Hex       #.........   100%        7    #######


Dungeon Overview and Level Annotations

Branches:
Dungeon (6/12)
 Temple: D:4-7

Altars:
Fedhas
Qazlal
The Shining One

Shops:
D:4 %   D:5 [


Innate Abilities, Weirdness & Mutations

You have razor-sharp teeth.
You are slightly more attuned to the shadows.
Your natural rate of healing is unusually fast.
Potions cannot restore your health.
You are immune to rotting.
Your bite drains your enemy's life force.
Your bites deal extra damage.
Your stealth is less affected by armour.


Message History

The tomahawk hits your crimson imp.
Your crimson imp hits the orc warrior but does no damage.
Your crimson imp blinks!
The orc warrior throws a tomahawk.
The tomahawk hits your crimson imp.
Your crimson imp completely misses the orc warrior.
You hit the orc.
The orc is heavily wounded.
The orc barely misses you.
The orc warrior throws a tomahawk.
The tomahawk hits your crimson imp!!
Your crimson imp dies!
You hit the orc.
You kill the orc!
Fedhas appreciates your composting.
Your crimson imp blinks!
The orc warrior throws a tomahawk.
The tomahawk hits you!
* * * LOW HITPOINT WARNING * * *
Your crimson imp blinks!
The orc warrior throws a tomahawk.
The tomahawk hits you!
You die...
Fedhas appreciates your contribution to the ecosystem.

......#.# #..# ......#.#
#..######+### #......#.#
#..........< .#
#......#.####.#...5...# .#
...........#§#.......# .##
#................)..# +..+
#................o..##'#..#+
#............§..............
######..........@.)#######...)...
...............###.# ##+#!.#+
...........†.......# ..+
.......<.......##### ###
################ ############ ###
#......<...# ..# #..........# #.#
#..........#


You could see an orc warrior and a friendly crimson imp.

Vanquished Creatures
  Grinder (D:4)
  Eustachio (D:5)
  An ogre (D:3)
  A bullfrog (D:6)
  A scorpion (D:5)
  A wight (D:5)
  2 crimson imps
  A hound (D:4)
  An iguana (D:5)
  Terence (D:2)
  3 orc wizards
  2 worker ants
  8 adders
  A shadow imp (D:5)
  An ooze (D:4)
  2 adder skeletons (D:5)
  4 worms
  4 dart slugs
  5 leopard geckos
  13 orcs
  2 ball pythons
  3 bats
  2 giant cockroaches
  6 hobgoblins
  7 kobolds
  2 quokkas
  6 frilled lizards
  4 goblins
  A goblin zombie (D:5)
  4 hobgoblin zombies (D:5)
  3 kobold skeletons (D:5)
  A kobold zombie (D:5)
  3 orc zombies (D:5)
  A quokka zombie (D:5)
  4 rats
103 creatures vanquished.

Vanquished Creatures (collateral kills)
  2 crimson imps
  An iguana (D:5)
  A worm (D:2)
  A dart slug (D:2)
  3 orcs (D:3)
  A hobgoblin (D:1)
  A frilled lizard (D:2)
  A hobgoblin zombie (D:5)
  2 kobolds (D:1)
13 creatures vanquished.

Grand Total: 116 creatures vanquished

Notes
Turn   | Place    | Note
-------+----------+-------------------------------------------
     0 | D:1      | BeastOfSaturn the Vine Stalker Summoner began the quest for
                  | the Orb.
     0 | D:1      | Reached XP level 1. HP: 10/10 MP: 4/4
   357 | D:1      | Reached XP level 2. HP: 15/15 MP: 6/6
   945 | D:2      | Reached XP level 3. HP: 19/19 MP: 7/7
  1058 | D:2      | Learned a level 3 spell: Call Canine Familiar
  1155 | D:2      | Reached XP level 4. HP: 24/24 MP: 8/8
  1287 | D:2      | Noticed Terence
  1297 | D:2      | Killed Terence
  1297 | D:2      | Reached skill level 1 in Short Blades
  1301 | D:2      | Reached skill level 4 in Stealth
  1377 | D:2      | Found a blossoming altar of Fedhas.
  1379 | D:2      | Found a stormy altar of Qazlal.
  1394 | D:2      | Became a worshipper of Fedhas Madash
  1759 | D:2      | Reached skill level 1 in Fighting
  1968 | D:3      | Reached XP level 5. HP: 25/29 MP: 4/9
  2008 | D:3      | Noticed an ogre
  2020 | D:3      | Killed an ogre
  2020 | D:3      | Reached skill level 1 in Armour
  2020 | D:3      | Reached skill level 5 in Summonings
  2160 | D:3      | Gained mutation: You have razor-sharp teeth. [Vine Stalker
                  | growth]
  2160 | D:3      | Reached XP level 6. HP: 34/34 MP: 10/10
  2183 | D:3      | Reached * piety under Fedhas
  2523 | D:4      | Reached skill level 5 in Stealth
  2780 | D:4      | Learned a level 5 spell: Summon Lightning Spire
  2956 | D:4      | Noticed Grinder
  2971 | D:4      | Killed Grinder
  2971 | D:4      | Reached XP level 7. HP: 26/40 MP: 8/11
  2988 | D:4      | Found Putsosil's Food Shoppe.
  3306 | D:5      | Entered Level 5 of the Dungeon
  3373 | D:5      | Found a glowing golden altar of the Shining One.
  3405 | D:5      | Reached skill level 6 in Stealth
  3589 | D:5      | Found Jageddo's Antique Armour Shop.
  3606 | D:5      | Bought a pair of glowing boots for 187 gold pieces
  3960 | D:5      | Reached ** piety under Fedhas
  4044 | D:6      | Noticed an unseen horror
  4069 | D:6      | Noticed Eustachio
  4077 | D:6      | Gained mutation: Your bite drains your enemy's life force.
                  | [Twilight Stalker growth]
  4077 | D:6      | Gained mutation: Your stealth is less affected by armour.
                  | [Twilight Stalker growth]
  4077 | D:6      | Gained mutation: You are slightly more attuned to the
                  | shadows. [Twilight Stalker growth]
  4077 | D:6      | Reached XP level 8. HP: 14/45 MP: 8/12
  4093 | D:5      | Killed Eustachio
  4093 | D:5      | Reached skill level 7 in Stealth
  4135 | D:5      | Learned a level 2 spell: Call Imp
  4190 | D:6      | Hit by a tomahawk thrown by an orc warrior

Skill      XL: |  1  2  3  4  5  6  7  8 |
---------------+-------------------------+-----
Short Blades   | 1 2 3 4 |  4.7
Stealth        | 4 5 6 7 |  7.0
Fighting       | 1 2 |  2.8
Armour         | 1 |  1.0
Summonings     | 5 |  5.8
Dodging        | 3 |  3.3
Spellcasting   | |  2.1

Action                   |  1- 3 |  4- 6 |  7- 9 || total
-------------------------+-------+-------+-------++-------
Melee: Unarmed           |    19 |       |       ||    19
       Dagger            |   120 |   144 |   139 ||   403
       Bite              |    11 |    10 |    11 ||    32
 Cast: Summon Small Mamm |    15 |     1 |     1 ||    17
       Call Canine Famil |     1 |     7 |     5 ||    13
       Call Imp          |       |       |     3 ||     3
  Use: Scroll            |       |     5 |       ||     5
 Stab: Sleeping          |     6 |     6 |     7 ||    19
       Distracted        |       |     1 |       ||     1
  Eat: Ration            |     2 |       |     1 ||     3
       Chunk             |       |     5 |     2 ||     7
Armor: Robe              |    11 |       |       ||    11
       Leather armour    |    25 |    29 |    21 ||    75
Dodge: Dodged            |    69 |    94 |    87 ||   250
